 Dungeon Crawl Stone Soup version 0.26-a0-259-g1effd001a9 (webtiles) character file.

Game seed: 2166508500054135476

387844 mortelune the Warrior (level 24, -9/227 HPs)
             Began as a Formicid Abyssal Knight on July 24, 2020.
             Was the Champion of Lugonu.
             Mangled by a purple very ugly thing (22 damage)
             ... on level 3 of the Vaults on July 25, 2020.
             The game lasted 02:41:36 (72629 turns).

mortelune the Warrior (Formicid Abyssal Knight)    Turns: 72629, Time: 02:41:36

Health: -9/227     AC: 31    Str: 32    XL:     24   Next: 12%
Magic:  33/33      EV: 14    Int:  7    God:    Lugonu [******]
Gold:   1855       SH: 22    Dex: 14    Spells: 20/23 levels left

rFire    . . .     SeeInvis +   K - +5 scythe "Finisher" {speed, eviscerate}
rCold    + . .     Faith    .   w - +0 tower shield
rNeg     + . .     Spirit   .   E - +4 plate armour {rC+}
rPois    .         Reflect  .   (helmet unavailable)
rElec    +         Harm     .   V - -1 cloak "Anikhleiw" {Str+6 Int-4 Dex+3}
rCorr    .                      z - +1 pair of gloves
MR       +++++                  T - +1 pair of boots {Fly}
Stlth    ..........             Q - necklace of Bloodlust {*Rage +Rage MR++ Int-3 Slay+6 *Curse} (curse)
HPRegen  0.47/turn              N - ring of positive energy
MPRegen  0.23/turn              o - ring of Ivufis {+Fly rElec MR+}

@: flying
A: permanent stasis, dig shafts and tunnels, four strong arms, antennae 3,
rugged brown scales 1, slimy green scales 1, blurry vision 1, robust 1,
screaming 1
}: 2/15 runes: decaying, serpentine
a: Dig, Shaft Self, Depart the Abyss, Bend Space, Banish, Corrupt, Enter the
Abyss, Brand Weapon With Distortion, Renounce Religion, Stop Flying


You were on level 3 of the Vaults.
You worshipped Lugonu.
Lugonu was exalted by your worship.
You were not hungry.

You visited 7 branches of the dungeon, and saw 38 of its levels.
You visited the Abyss 1 time.
You visited 1 bazaar.
You also visited: Ossuary, Gauntlet, Ice Cave and Wizlab.

You collected 5240 gold pieces.
You spent 3385 gold pieces at shops.

Inventory:

Hand Weapons
 K - the +5 scythe "Finisher" (weapon) {speed, eviscerate}
   (You found it on level 9 of the Dungeon)

   Attacks with this weapon are significantly faster.
 Z - the +5 glaive of the Lonely Visionaries {flame, *Noise Str+3 Int-3 Dex+5}
   (You found it on level 13 of the Dungeon)

   It has been specially enchanted to burn those struck by it, causing extra
   injury to most foes and up to half again as much damage against particularly
   susceptible opponents.
   Big, fiery blades are also staple armaments of hydra-hunters.
   It affects your strength (+3).
   It affects your intelligence (-3).
   It affects your dexterity (+5).
   It may make noises in combat.
Missiles
 s - 33 javelins (quivered)
 U - 26 silver javelins
Armour
 j - +0 fire dragon scales
 w - a +0 tower shield (worn)
 z - a +1 pair of gloves (worn)
 A - the +6 chain mail of the Gate {rElec rN+ Dex-5 Slay+2}
   (You found it in a wizard's laboratory)

   It affects your dexterity (-5).
   It affects your accuracy and damage with ranged weapons and melee attacks
   (+2).
   It insulates you from electricity.
   It protects you from negative energy.
 E - a +4 plate armour of cold resistance (worn)
 T - a +1 pair of boots of flying (worn)
 V - the -1 cloak "Anikhleiw" (worn) {Str+6 Int-4 Dex+3}
   (You found it in a Gauntlet)

   It affects your strength (+6).
   It affects your intelligence (-4).
   It affects your dexterity (+3).
Jewellery
 m - a +4 ring of evasion
 n - a +4 ring of slaying
 o - the ring of Ivufis (right hand) {+Fly rElec MR+}
   (You bought it in a shop on level 14 of the Dungeon)

   [ring of flight]

   It insulates you from electricity.
   It affects your resistance to hostile enchantments.
   It lets you fly.
 F - an uncursed ring of protection from fire
 I - an uncursed ring of protection from cold
 N - a ring of positive energy (left hand)
 P - an uncursed ring of poison resistance
 Q - the cursed necklace of Bloodlust (around neck) {*Rage +Rage MR++ Int-3 Slay+6 *Curse}
   (You found it on level 14 of the Dungeon)

   [amulet of nothing]

   It affects your intelligence (-3).
   It affects your accuracy and damage with ranged weapons and melee attacks
   (+6).
   It affects your resistance to hostile enchantments.
   It lets you go berserk.
   It may make you go berserk in combat.
   It curses itself when equipped.
   It has a curse placed upon it.
 Y - the amulet of the Air {Inacc +Fly rElec EV+5 RMsl}
   (You found it on level 1 of the Swamp)

   [amulet of inaccuracy]

   It reduces the accuracy of all your attacks.
   It affects your evasion (+5).
   It insulates you from electricity.
   It lets you fly.
   It protects you from missiles.
Wands
 d - a wand of disintegration (24)
 l - a wand of iceblast (37)
 q - a wand of polymorph (22)
 D - a wand of digging (11)
 H - a wand of acid (9)
 J - a wand of clouds (11)
Scrolls
 e - 7 scrolls of fear
 f - 5 scrolls of fog
 g - 2 scrolls of immolation
 i - 7 scrolls of identify
 k - 14 scrolls of amnesia
 p - a scroll of brand weapon
 r - 24 scrolls of remove curse
 t - 4 scrolls of silence
 x - 4 scrolls of magic mapping
 y - 5 scrolls of enchant armour
 B - 4 scrolls of enchant weapon
 M - 2 scrolls of holy word
 O - 3 scrolls of summoning
Potions
 a - a potion of invisibility
 h - 6 potions of heal wounds
 u - 8 potions of lignification
 v - 3 potions of might
 C - 9 potions of mutation
 L - 6 potions of brilliance
 R - 3 potions of magic
 S - 2 potions of ambrosia
 X - 5 potions of curing
Miscellaneous
 G - a phial of floods
 W - 5 phantom mirrors
Comestibles
 c - 82 rations


   Skills:
 + Level 19.2 Fighting
   Level 9.2 Long Blades
 + Level 18.8 Polearms
 - Level 10.0 Throwing
 + Level 17.5 Armour
 - Level 9.8 Dodging
 - Level 15.0 Shields
 - Level 4.2 Summonings
 + Level 14.4 Invocations


You had 20 spell levels left.
You knew the following spells:

 Your Spells              Type           Power        Failure   Level
a - Call Canine Familiar  Summ           #.......     71%         3

Your spell library contained the following spells:

 Spells                   Type           Power        Failure   Level
 Summon Small Mammal      Summ           #...         34%         1
 Call Imp                 Summ           #.......     47%         2
 Animate Skeleton         Necr           #.....       89%         1
 Apportation              Tloc           #.....       89%         1
 Beastly Appendage        Tmut           #.....       89%         1
 Corona                   Hex            #......      89%         1
 Foxfire                  Conj/Fire      #...         89%         1
 Infusion                 Chrm           #...         89%         1
 Magic Dart               Conj           #...         89%         1
 Pain                     Necr           #...         89%         1
 Sandblast                Erth           #.....       89%         1
 Shock                    Conj/Air       #...         89%         1
 Sting                    Tmut/Pois      #...         89%         1
 Summon Guardian Golem    Hex/Summ       #.......     94%         3
 Corpse Rot               Necr/Air       N/A          96%         2
 Ensorcelled Hibernation  Hex/Ice        #.....       96%         2
 Passwall                 Tmut/Erth      #.......     96%         2
 Poisonous Vapours        Pois/Air       #.....       96%         2
 Searing Ray              Conj           #.....       96%         2
 Shroud of Golubria       Chrm/Tloc      #.....       96%         2
 Slow                     Hex            #.......     96%         2
 Song of Slaying          Chrm           #.......     96%         2
 Sticks to Snakes         Tmut           #.......     96%         2
 Sublimation of Blood     Necr           #.........   96%         2
 Conjure Flame            Conj/Fire      #.......     99%         3
 Dazzling Flash           Conj/Hex       #.....       99%         3
 Ignite Poison            Fire/Tmut/Pois #.......     99%         3
 Inner Flame              Hex/Fire       #.......     99%         3
 Mephitic Cloud           Conj/Pois/Air  #.......     99%         3
 Ozocubu's Armour         Chrm/Ice       #.......     99%         3
 Portal Projectile        Hex/Tloc       #.....       99%         3
 Spectral Weapon          Hex/Chrm       #.......     99%         3
 Spider Form              Tmut/Pois      #.........   99%         3
 Static Discharge         Conj/Air       #.......     99%         3
 Stone Arrow              Conj/Erth      #.....       99%         3
 Vampiric Draining        Necr           #.........   99%         3
 Airstrike                Air            #.........   100%        4
 Animate Dead             Necr           #.........   100%        4
 Cause Fear               Hex            #.........   100%        4
 Dispel Undead            Necr           #.......     100%        4
 Fulminant Prism          Conj/Hex       #.........   100%        4
 Ice Form                 Ice/Tmut       #.......     100%        4
 Iskenderun's Mystic Bla  Conj/Tloc      #.......     100%        4
 Leda's Liquefaction      Hex/Erth       #.........   100%        4
 Olgreb's Toxic Radiance  Pois           #.......     100%        4
 Passage of Golubria      Tloc           N/A          100%        4
 Petrify                  Tmut/Erth      #.......     100%        4
 Sticky Flame             Conj/Fire      #.......     100%        4
 Summon Ice Beast         Ice/Summ       #.......     100%        4
 Summon Lightning Spire   Summ/Air       #.......     100%        4
 Agony                    Necr           #.......     100%        5
 Blade Hands              Tmut           #.........   100%        5
 Bolt of Magma            Conj/Fire/Erth #.........   100%        5
 Borgnjor's Vile Clutch   Necr/Erth      #.........   100%        5
 Excruciating Wounds      Chrm/Necr      #.........   100%        5
 Fireball                 Conj/Fire      #.........   100%        5
 Irradiate                Conj/Tmut      #.........   100%        5
 Iskenderun's Battlesphe  Conj/Chrm      #.......     100%        5
 Lee's Rapid Deconstruct  Erth           #.........   100%        5
 Lightning Bolt           Conj/Air       #.........   100%        5
 Metabolic Englaciation   Hex/Ice        #.........   100%        5
 Silence                  Hex/Air        #.........   100%        5
 Darkness                 Hex            #.........   100%        6
 Freezing Cloud           Conj/Ice/Air   #.........   100%        6
 Hydra Form               Tmut           #.........   100%        6
 Invisibility             Hex            #.......     100%        6
 Iron Shot                Conj/Erth      #.........   100%        6
 Ozocubu's Refrigeration  Ice            #.........   100%        6
 Shadow Creatures         Summ           N/A          100%        6
 Simulacrum               Ice/Necr       #.........   100%        6
 Starburst                Conj/Fire      #.........   100%        6
 Statue Form              Tmut/Erth      #........    100%        6
 Dragon Form              Tmut           #.........   100%        7
 Orb of Destruction       Conj           #.........   100%        7
 Ring of Flames           Chrm/Fire      #.........   100%        7
 Spellforged Servitor     Conj/Summ      #.........   100%        7
 Ignition                 Fire           #.........   100%        8
 Dragon's Call            Summ           #.........   100%        9
 Swiftness                Chrm/Air       Unusable     N/A         2

Dungeon Overview and Level Annotations

Branches:
Dungeon (15/15)            Temple (0/1) D:7            Lair (6/6) D:9
  Swamp (4/4) Lair:2        Snake (4/4) Lair:4        Slime (0/5) Lair:5
    Orc (2/2) D:10            Elf (3/3) Orc:2        Vaults (4/5) D:14
  Crypt (0/3) Vaults:3     Depths (0/5) D:15        Ossuary (visited)
  IceCv (visited)          WizLab (visited)         Gauntlet (visited)

Altars:
Hepliaklqana
Nemelex Xobeh
Trog
Uskayaw
Beogh
Jiyva

Shops:
D:4 [   D:9 !   D:11 %   D:14 =   Orc:1 %   Orc:2 =*[   Elf:1 [   Elf:2 =}=
Snake:1 =   Snake:4 ?   Vaults:1 *

Annotations:
D:2 Sigmund
D:9 corrupted
Lair:2 exclusion: 2 oklob plants
Lair:3 2 transporters, Vestruh's ghost, journeyman DDFi
Lair:4 1 runed translucent door, Orgheunu's ghost, journeyman DDFi
Lair:6 corrupted
Swamp:1 1 transporter, corrupted
Swamp:4 corrupted
Snake:4 corrupted
Elf:3 corrupted
Abyss:1 Fannar


Innate Abilities, Weirdness & Mutations

You cannot be hasted, slowed, berserked, paralysed or teleported.
You can dig through walls and to a lower floor.
Your four strong arms can wield two-handed weapons with a shield.
You have a pair of large antennae on your head. (SInv)
You are partially covered in rugged brown scales. (AC +1, +3% HP)
You are partially covered in slimy green scales. (AC +2)
Scrolls take you a little longer to read.
You are robust. (+10% HP)
You occasionally shout uncontrollably at your foes.


Message History

You block the purple very ugly thing's attack.
Things that are here:
a +2 arbalest of flaming; 16 bolts The ogre mage casts a spell.
The ogre mage flickers and vanishes for a moment.
The purple very ugly thing bites you but does no damage.
You see here a chunk of flesh.
The death knight's dark mirror aura disappears.
The purple very ugly thing bites you!!
* * * LOW HITPOINT WARNING * * *
You block the death knight's attack.
There is a stone staircase leading up, spattered with blood here.
You fly upwards.
There is a stone staircase leading down here.
You hit the death knight.
The death knight is heavily wounded.
The death knight hits you with a +2 battleaxe!!
* * * LOW HITPOINT WARNING * * *
The purple very ugly thing bites you!!
You die...

#### ##.|# ### ##..##
##.. #########..##
##... #......#..##
##..## #p.u...'.##
##.)###
#.@....#.####..## #
#......#))##(.## ##
#......##....## ##.
#......###.)## ##..
#......# #### #..#
######## #######'##
#.......[.
##############.......).
#............#.........


You could see a purple very ugly thing and a death knight.

Vanquished Creatures
  Saint Roka (Orc:2)
  Nikola (Snake:1)
  A Cloud Mage (WizLab)
  2 liches
  Jorgrun (Elf:2)
  A deep elf blademaster (Elf:2)
  Asterion (Elf:2)
  Agnes (Elf:2)
  A thorn hunter (Swamp:2)
  5 nagarajas
  A revenant (Vaults:3)
  Aizul (Snake:2)
  6 vault wardens
  4 deep elf sorcerers
  2 frost giants
  A deep elf elementalist (Elf:2)
  2 very ugly things (Vaults:4)
  2 stone giants
  An entropy weaver (Vaults:2)
  7 ironheart preservers
  3 deep elf demonologists (Elf:3)
  2 deep elf annihilators (Elf:3)
  A minotaur (Gauntlet)
  2 spark wasps (WizLab)
  2 deep elf death magi (Elf:3)
  3 blizzard demons
  A deep elf high priest (Elf:3)
  3 fire dragons
  7 yaktaur captains
  The ghost of Faumi the Severer, a journeyman MiBe of Trog (D:15)
  Harold (D:10)
  An ice dragon (Vaults:3)
  5 vault guards
  Erolcha (D:11)
  11 hydras
  11 naga warriors
  2 shambling mangroves
  A rakshasa (Vaults:2)
  3 spriggan air magi (WizLab)
  2 catoblepae
  11 anacondas
  A death knight (Vaults:3)
  23 dancing weapons
  12 alligators
  9 centaur warriors
  2 death yaks
  7 ghost crabs
  7 ogre magi
  2 deep troll shamans (Vaults:3)
  12 two-headed ogres
  14 naga sharpshooters
  13 shock serpents
  An orc high priest (Orc:2)
  18 deep elf knights
  A small abomination (Elf:3)
  3 salamander mystics (Snake:4)
  8 sea snakes (Snake:4)
  14 skeletal warriors
  4 death drakes
  An unseen horror (shapeshifter) (Elf:1)
  A flayed ghost (Vaults:3)
  4 spriggan druids
  4 wizards
  A glowing orange brain (Vaults:3)
  3 phantasmal warriors
  4 unseen horrors
  9 deep trolls
  9 ironbrand convokers
  8 swamp dragons
  11 deep elf archers
  2 necromancers
  2 lindwurms
  5 naga ritualists
  A harpy (shapeshifter) (D:15)
  11 mana vipers
  16 orc knights
  3 wolf spiders
  A cyclops (shapeshifter) (Vaults:2)
  16 salamanders
  61 deep elf magi
  6 orc sorcerers
  8 cyclopes
  22 ugly things
  7 guardian serpents
  47 black mambas
  A torpor snail (Lair:6)
  An apocalypse crab (WizLab)
  20 naga magi
  12 vault sentinels
  3 gargoyles
  A frost giant skeleton (Vaults:4)
  A minotaur zombie (Gauntlet)
  2 centaur skeletons
  21 cane toads
  A yaktaur (shapeshifter) (Vaults:4)
  6 rime drakes
  16 yaktaurs
  A spectral redback (Gauntlet)
  11 komodo dragons
  6 freezing wraiths
  2 kobold demonologists
  2 ice devils (D:15)
  A redback zombie (D:13)
  10 trolls
  A tengu conjurer (Elf:1)
  A troll (shapeshifter) (Vaults:3)
  A queen bee (Lair:3)
  16 hornets
  16 polar bears
  15 tyrant leeches
  5 hippogriffs
  A blink frog (shapeshifter) (D:14)
  18 blink frogs
  7 dream sheep
  2 ettin zombies (Vaults:3)
  A stone giant simulacrum (Vaults:3)
  19 slime creatures
  8 bog bodies
  A dream sheep (shapeshifter) (Elf:3)
  A meliai zombie (D:13)
  9 spriggans
  21 flying skulls (D:15)
  A redback (Lair:6)
  7 air elementals
  A shadow (D:14)
  11 wraiths
  4 water elementals
  Eustachio (D:6)
  4 fire elementals
  31 yaks
  12 wyverns
  21 vampire mosquitoes
  A warg (shapeshifter) (D:14)
  6 wargs
  51 nagas
  A soldier ant (shapeshifter) (Elf:2)
  An acid dragon (Vaults:2)
  8 insubstantial wisps
  16 swamp worms
  5 porcupines
  A water moccasin (shapeshifter) (Vaults:1)
  22 water moccasins
  A deep troll skeleton (Vaults:4)
  3 sky beasts
  A sky beast (shapeshifter) (Vaults:4)
  A swamp drake (shapeshifter) (Vaults:3)
  12 swamp drakes
  An eye of draining (D:13)
  2 hornet zombies
  3 ice beasts
  18 ogres
  61 orc warriors
  22 centaurs
  9 necrophages
  26 wolves
  5 boggarts (Vaults:1)
  17 crocodiles
  2 elf zombies
  2 human zombies
  A big kobold (D:10)
  17 bullfrogs
  7 earth elementals
  A gnoll sergeant (D:10)
  A wyvern zombie (D:6)
  3 elf skeletons
  3 scorpions
  19 killer bees (Lair:3)
  2 howler monkeys (D:12)
  11 wights
  7 electric eels
  A bullfrog zombie (D:7)
  2 human simulacra
  2 quasits
  A centaur zombie (Ossuary)
  2 jellies
  A bullfrog skeleton (D:4)
  9 hounds
  38 orc priests
  29 orc wizards
  2 iguanas
  Natasha (twice) (D:4)
  Terence (D:1)
  10 worker ants
  A big kobold zombie (Ossuary)
  2 hound zombies
  A hound skeleton (D:6)
  2 mummies (Ossuary)
  11 adders
  12 gnolls
  A white imp (D:5)
  2 ufetubi
  An ooze (D:2)
  3 adder zombies
  5 worms
  A dart slug (D:3)
  10 leopard geckos
  155 orcs
  2 giant cockroaches
  6 goblins
  5 hobgoblins
  4 jackals
  2 quokkas
  8 bats
  2 frilled lizards
  2 goblin zombies (Ossuary)
  7 hobgoblin zombies (Ossuary)
  A jackal skeleton (D:6)
  2 jackal zombies
  11 kobolds
  15 kobold zombies (Ossuary)
  3 orc skeletons (D:4)
  6 orc zombies (Ossuary)
  A quokka skeleton (D:6)
  A quokka zombie (D:6)
  6 rats
  A rat zombie (Ossuary)
  2 bushes (D:2)
  A plant (D:2)
1649 creatures vanquished.

Vanquished Creatures (others)
  2 deep elf master archers (Elf:3)
  2 deep elf blademasters (Elf:3)
  6 nagarajas (Snake:4)
  3 deep elf sorcerers (Elf:3)
  2 deep elf elementalists (Elf:3)
  A deep elf demonologist (Elf:3)
  3 deep elf annihilators (Elf:3)
  2 spark wasps (WizLab)
  2 deep elf death magi (Elf:3)
  A deep elf high priest (Elf:3)
  11 hydras
  2 shambling mangroves (Swamp:4)
  A ghost crab (Swamp:1)
  2 naga warriors (Snake:4)
  4 anacondas (Snake:4)
  A two-headed ogre (D:9)
  A dancing weapon (Elf:3)
  2 alligators
  A queen ant (Gauntlet)
  A deep elf knight (Elf:3)
  5 naga sharpshooters (Snake:4)
  3 salamander mystics (Snake:4)
  A swamp dragon (Swamp:4)
  3 lindwurms (Snake:4)
  A naga ritualist (Snake:4)
  2 spriggan druids (Swamp:4)
  5 deep elf magi
  4 orc knights
  2 mana vipers (Snake:4)
  A deep elf archer (Elf:3)
  2 spectral centaurs (Gauntlet)
  2 black mambas (Lair:6)
  6 naga magi (Snake:4)
  4 guardian serpents (Snake:4)
  2 cane toads
  3 trolls (D:9)
  A polar bear (IceCv)
  A tyrant leech (Swamp:4)
  7 hornets
  A slime creature (Swamp:1)
  2 bog bodies (Swamp:1)
  An air elemental (WizLab)
  2 wyverns (Lair:6)
  A spriggan (Swamp:1)
  A fire elemental (Elf:3)
  4 vampire mosquitoes (Swamp:1)
  4 nagas
  A swamp worm (Swamp:3)
  6 soldier ants (Gauntlet)
  A swamp worm (shapeshifter) (Elf:2)
  4 water moccasins (Lair:6)
  An orc warrior (D:9)
  5 swamp drakes
  A sky beast (D:9)
  4 wolves
  An ogre (D:5)
  A boggart (Elf:1)
  2 electric eels (D:9)
  An orc priest (D:9)
  4 hounds (D:9)
  A worker ant (D:9)
  An ufetubus (D:9)
  An adder skeleton (D:9)
  9 orcs
  6 bushes (Lair:2)
  4 crawling corpses (Elf:3)
  21 fungi
  26 plants
  15 starspawn tentacles
237 creatures vanquished.

Grand Total: 1886 creatures vanquished

Notes
Turn   | Place    | Note
-------+----------+-------------------------------------------
     0 | Abyss:1  | mortelune the Formicid Abyssal Knight began the quest for
                  | the Orb.
     0 | Abyss:1  | Reached XP level 1. HP: 18/18 MP: 2/2
   705 | D:1      | Escaped the Abyss
  1075 | D:1      | Reached * piety under Lugonu
  1083 | D:1      | Reached XP level 2. HP: 17/24 MP: 3/3
  1827 | D:2      | Noticed Terence
  1932 | D:2      | Reached XP level 3. HP: 26/30 MP: 4/4
  2379 | D:2      | Reached XP level 4. HP: 36/37 MP: 5/5
  2582 | D:2      | Reached skill level 4 in Fighting
  3449 | D:2      | Noticed Sigmund
  4070 | D:3      | Reached XP level 5. HP: 16/43 MP: 6/6
  4335 | D:3      | Reached ** piety under Lugonu
  4487 | D:3      | HP: 1/43 [orc/+0 flail (8)]
  5142 | D:3      | Reached XP level 6. HP: 34/50 MP: 7/7
  5353 | D:3      | Reached skill level 5 in Long Blades
  5858 | D:4      | Found a sand-covered staircase.
  5885 | D:4      | Reached skill level 5 in Fighting
  6009 | Ossuary  | Entered an ossuary
  6152 | Ossuary  | Reached *** piety under Lugonu
  6562 | Ossuary  | Reached XP level 7. HP: 48/56 MP: 8/8
  7032 | D:4      | Found Qyocosmu's Antique Armour Emporium.
  7040 | D:4      | Bought a translucent leather armour for 224 gold pieces
  7050 | D:4      | Identified the +2 leather armour "Wenifas" {rF++ MP+9
                  | Dex-3} (You bought it in a shop on level 4 of the Dungeon)
  7293 | D:4      | Gained mutation: Your body sometimes deteriorates upon
                  | taking damage. [potion of mutation]
  7293 | D:4      | Gained mutation: Your magical capacity is low. (-10% MP)
                  | [potion of mutation]
  7293 | D:4      | Gained mutation: You are partially covered in yellow
                  | scales. (AC +2) [potion of mutation]
  7294 | D:4      | Lost mutation: Your magical capacity is low. (-10% MP)
                  | [potion of mutation]
  7294 | D:4      | Lost mutation: Your body sometimes deteriorates upon taking
                  | damage. [potion of mutation]
  7294 | D:4      | Lost mutation: You are partially covered in yellow scales.
                  | (AC +2) [potion of mutation]
  7294 | D:4      | Gained mutation: Your mind is acute. (Int +2) [potion of
                  | mutation]
  7294 | D:4      | Gained mutation: You are partially covered in slimy green
                  | scales. (AC +2) [potion of mutation]
  7294 | D:4      | Gained mutation: You are robust. (+10% HP) [potion of
                  | mutation]
  7294 | D:4      | Gained mutation: You are partially covered in rugged brown
                  | scales. (AC +1, +3% HP) [potion of mutation]
  7995 | D:3      | Reached **** piety under Lugonu
  8259 | D:4      | Reached XP level 8. HP: 72/72 MP: 10/10
  8355 | D:4      | Noticed Natasha
  8366 | D:4      | Killed Natasha
  8508 | D:4      | Noticed Natasha
  8519 | D:4      | Killed Natasha
  8614 | D:5      | Entered Level 5 of the Dungeon
  9217 | D:4      | Reached skill level 6 in Fighting
 10459 | D:6      | Reached XP level 9. HP: 77/80 MP: 12/12
 10504 | D:6      | Reached skill level 5 in Armour
 10504 | D:6      | Reached skill level 5 in Invocations
 11678 | D:6      | Noticed Eustachio
 11786 | D:6      | Killed Eustachio
 11786 | D:6      | Reached skill level 7 in Fighting
 12522 | D:7      | Found a staircase to the Ecumenical Temple.
 12533 | D:7      | Reached ***** piety under Lugonu
 12698 | D:7      | Learned a level 3 spell: Call Canine Familiar
 13136 | D:8      | Reached skill level 1 in Summonings
 13166 | D:8      | You fall into a shaft and drop 1 floor!
 13166 | D:9      | Found Caxkuosu's Distillery.
 13291 | D:9      | Noticed a troll
 13293 | D:9      | Banished a troll
 13293 | D:9      | Reached XP level 10. HP: 86/88 MP: 14/14
 13304 | D:9      | Bought 2 potions of heal wounds for 140 gold pieces
 13366 | D:9      | Corrupted D:9
 13366 | D:9      | Noticed an orange demon
 13366 | D:9      | Noticed a hellion
 13366 | D:9      | Noticed a large abomination
 13367 | D:9      | Noticed a large abomination
 13367 | D:9      | Noticed a rakshasa
 13367 | D:9      | Noticed an orange demon
 13367 | D:9      | Noticed an orange demon
 13367 | D:9      | Noticed a +0 war axe of electrocution
 13371 | D:9      | Noticed a bone dragon
 13372 | D:9      | Noticed an eidolon
 13372 | D:9      | Noticed a reaper
 13373 | D:9      | Noticed a thrashing horror
 13374 | D:9      | Noticed a two-headed ogre
 13379 | D:9      | Killed a two-headed ogre
 14036 | D:9      | Reached skill level 8 in Fighting
 14348 | D:9      | Found a staircase to the Lair.
 14515 | D:9      | Found a hazy altar of Hepliaklqana.
 14731 | D:9      | Found the +5 scythe "Finisher" {speed, eviscerate}
 15561 | D:10     | Entered Level 10 of the Dungeon
 15897 | D:10     | Noticed Fannar
 15990 | D:10     | Banished Fannar
 15990 | D:10     | Reached XP level 11. HP: 67/96 MP: 17/17
 16292 | D:10     | Noticed an unseen horror
 16310 | D:10     | Noticed a two-headed ogre
 16313 | D:10     | Killed an unseen horror
 16319 | D:10     | Killed a two-headed ogre
 16319 | D:10     | Reached skill level 9 in Fighting
 16792 | D:10     | Noticed Harold
 16799 | D:10     | Killed Harold
 16799 | D:10     | Reached skill level 5 in Polearms
 16964 | D:10     | Found a sparkling altar of Nemelex Xobeh.
 17454 | D:10     | Found a staircase to the Orcish Mines.
 17498 | D:11     | Noticed a white ugly thing
 17669 | D:1      | Killed Terence
 18261 | Lair:1   | Entered Level 1 of the Lair of Beasts
 19344 | Lair:1   | Reached XP level 12. HP: 67/107 MP: 19/19
 19594 | Lair:1   | Noticed a catoblepas
 19596 | Lair:1   | Killed a catoblepas
 19602 | Lair:1   | Reached skill level 10 in Fighting
 20000 | Lair:1   | Noticed a seven-headed hydra
 20001 | Lair:1   | Banished a seven-headed hydra
 20165 | Lair:2   | Found a staircase to the Swamp.
 20554 | Lair:2   | Reached skill level 10 in Invocations
 21885 | Lair:3   | Found a gate leading to a gauntlet.
 21899 | Gauntlet | Entered a Gauntlet
 21899 | Gauntlet | Found a transporter.
 21899 | Gauntlet | Found a transporter.
 21899 | Gauntlet | Found a runed translucent door.
 21899 | Gauntlet | Found a runed translucent door.
 21899 | Gauntlet | Noticed a fire crab
 21978 | Gauntlet | Found a transporter.
 21982 | Gauntlet | Found a transporter.
 21985 | Gauntlet | Noticed a queen ant
 21993 | Gauntlet | Found a transporter.
 21997 | Gauntlet | Found a transporter.
 22006 | Gauntlet | Found a transporter.
 22018 | Gauntlet | Noticed a blizzard demon
 22021 | Gauntlet | Found a transporter.
 22035 | Gauntlet | Found a transporter.
 22039 | Gauntlet | Found a transporter.
 22047 | Gauntlet | Found a transporter.
 22051 | Gauntlet | Found a transporter.
 22151 | Gauntlet | Noticed a death drake
 22186 | Gauntlet | Corrupted Gauntlet
 22194 | Gauntlet | Noticed a purple draconian
 22211 | Gauntlet | Killed a death drake
 22211 | Gauntlet | Killed a queen ant
 22474 | Gauntlet | Got a dazzling cloak
 22485 | Gauntlet | Identified the cursed -1 cloak "Anikhleiw" {Str+6 Int-4
                  | Dex+3} (You found it in a Gauntlet)
 22514 | Gauntlet | Noticed a catoblepas
 22535 | Gauntlet | Killed a blizzard demon
 22806 | Gauntlet | Noticed a minotaur
 22813 | Gauntlet | Killed a minotaur
 22813 | Gauntlet | Reached skill level 10 in Armour
 22820 | Gauntlet | Reached XP level 13. HP: 117/118 MP: 19/21
 22826 | Gauntlet | Got a pitted trident
 22860 | Lair:3   | Identified the cursed +1 trident "Fanudaih" {protect,
                  | *Noise Dex+4} (You found it in a Gauntlet)
 22905 | Lair:3   | Got an ancient robe
 23054 | Lair:3   | Reached skill level 11 in Fighting
 23095 | Lair:3   | Noticed Vestruh's ghost (journeyman DDFi)
 23100 | Lair:3   | Identified the cursed +0 spear of the Depths {elec, MR-
                  | Str+3}
 23100 | Lair:3   | Identified the +7 trident "Bodyplu" {flame, Int+2}
 23102 | Lair:3   | Found a bloodstained altar of Trog.
 23425 | Lair:3   | Noticed a four-headed hydra
 23435 | Lair:3   | Killed a six-headed hydra
 23647 | Lair:3   | Identified the ring "Kah Arpha" {Str+3 Dex+4 Stlth-}
 23663 | Lair:3   | Found a transporter.
 23665 | Lair:3   | Found a transporter.
 24031 | Lair:3   | Noticed a seven-headed hydra
 24032 | Lair:3   | Noticed a five-headed hydra
 24041 | Lair:3   | Reached skill level 10 in Polearms
 24045 | Lair:3   | Banished a five-headed hydra
 24048 | Lair:3   | Banished a nine-headed hydra
 25081 | Lair:4   | Noticed a seven-headed hydra
 25091 | Lair:4   | Killed a 12-headed hydra
 25148 | Lair:4   | Identified the cursed +0 robe "Ockaut" {Harm rElec Dex+6}
                  | (You found it on level 3 of the Lair of Beasts)
 25470 | Lair:4   | Found a runed translucent door.
 25473 | Lair:4   | Noticed Orgheunu's ghost (journeyman DDFi)
 25480 | Lair:4   | Found a staircase to the Snake Pit.
 26889 | Lair:4   | Noticed a seven-headed hydra
 26891 | Lair:4   | Killed an eight-headed hydra
 26891 | Lair:4   | Reached XP level 14. HP: 123/128 MP: 22/22
 27775 | Lair:5   | Found a staircase to the Slime Pits.
 27777 | Lair:5   | Found a viscous altar of Jiyva.
 27840 | Lair:5   | Reached skill level 12 in Fighting
 27903 | Lair:5   | Found a hide-covered altar of Uskayaw.
 28746 | Lair:6   | Entered Level 6 of the Lair of Beasts
 31095 | Lair:6   | Corrupted Lair:6
 31095 | Lair:6   | Noticed a tentacled starspawn
 31096 | Lair:6   | Noticed a tentacled starspawn
 31108 | Lair:6   | Noticed a tentacled starspawn
 31186 | Lair:6   | Noticed a tentacled starspawn
 32433 | Lair:6   | Reached XP level 15. HP: 91/137 MP: 21/24
 33015 | D:11     | Noticed Erolcha
 33017 | D:11     | Killed Erolcha
 33385 | D:11     | Found Hollibli's Food Shoppe.
 34172 | D:12     | Reached skill level 13 in Fighting
 34777 | D:13     | Reached ****** piety under Lugonu
 35618 | D:13     | Got a glimmering glaive
 35619 | D:13     | Identified the +5 glaive of the Lonely Visionaries {flame,
                  | *Noise Str+3 Int-3 Dex+5} (You found it on level 13 of the
                  | Dungeon)
 35640 | D:14     | Found Mezinu's Jewellery Boutique.
 35741 | D:14     | Bought an uncursed ring of poison resistance for 260 gold
                  | pieces
 35741 | D:14     | Bought the ring of Ivufis {+Fly rElec MR+} for 482 gold
                  | pieces
 36166 | Orc:1    | Entered Level 1 of the Orcish Mines
 36231 | Orc:1    | Gained mutation: Scrolls take you a little longer to read.
                  | [a neqoxec]
 36232 | Orc:1    | Gained mutation: You occasionally shout uncontrollably at
                  | your foes. [a neqoxec]
 36251 | Orc:1    | Lost mutation: Your mind is acute. (Int +2) [a neqoxec]
 36351 | Orc:1    | Noticed a stone giant
 36352 | Orc:1    | Found a roughly hewn altar of Beogh.
 36358 | Orc:1    | Killed a stone giant
 36851 | Orc:1    | Found Qaczibb's Food Shoppe.
 36948 | Orc:2    | Entered Level 2 of the Orcish Mines
 37325 | Orc:2    | Noticed Saint Roka
 37377 | Orc:2    | Killed Saint Roka
 38064 | Orc:2    | Found a roughly hewn altar of Beogh.
 38622 | Orc:2    | Found Laerenti's Antique Armour Shoppe.
 38637 | Orc:2    | Found Hunifer's General Store.
 38654 | Orc:2    | Found Cucuizxo's Jewellery Shoppe.
 38670 | Orc:2    | Found Jeimecye's Antique Weapon Shoppe.
 39311 | Orc:2    | Found a staircase to the Elven Halls.
 39604 | Orc:2    | Bought a kite shield for 94 gold pieces
 39604 | Orc:2    | Bought a glowing plate armour for 546 gold pieces
 39604 | Orc:2    | Bought a runed plate armour for 546 gold pieces
 40183 | D:14     | Reached skill level 1 in Shields
 40289 | D:14     | Found the cursed necklace of Bloodlust {*Rage +Rage MR++
                  | Int-3 Slay+6 *Curse}
 40371 | D:14     | Reached XP level 16. HP: 138/148 MP: 26/26
 40874 | D:14     | Identified the Incunabulum of Warped Damage Dealing
 41026 | D:14     | Found a gate to the Vaults.
 41154 | D:15     | Entered Level 15 of the Dungeon
 41227 | D:15     | Found a frozen archway.
 41245 | IceCv    | Entered an ice cave
 41492 | IceCv    | Reached skill level 5 in Shields
 41776 | IceCv    | Noticed a frost giant
 41787 | IceCv    | Reached skill level 14 in Fighting
 41794 | IceCv    | Killed a frost giant
 42680 | D:15     | Found the +3 giant club "Skullcrusher" {speed, Str+7}
 43140 | D:15     | Found a runed translucent door.
 43144 | D:15     | Noticed Faumi's ghost (journeyman MiBe)
 43154 | D:15     | Killed Faumi's ghost
 43627 | D:15     | Found a staircase to the Depths.
 43875 | Swamp:1  | Entered Level 1 of the Swamp
 44161 | Swamp:1  | Reached XP level 17. HP: 156/158 MP: 27/27
 44270 | Swamp:1  | Reached skill level 15 in Polearms
 44270 | Swamp:1  | Reached skill level 10 in Shields
 44398 | Swamp:1  | Found the amulet of the Air {Inacc +Fly rElec EV+5 RMsl}
 44401 | Swamp:1  | Found a transporter.
 44402 | Swamp:1  | Found a transporter.
 44902 | Swamp:1  | Corrupted Swamp:1
 45896 | Swamp:2  | Noticed a thorn hunter
 45905 | Swamp:2  | Killed a thorn hunter
 46212 | Swamp:2  | Reached skill level 15 in Fighting
 48466 | Swamp:4  | Entered Level 4 of the Swamp
 48986 | Swamp:4  | Reached skill level 1 in Dodging
 48997 | Swamp:4  | Reached XP level 18. HP: 105/168 MP: 25/28
 49062 | Swamp:4  | Corrupted Swamp:4
 49062 | Swamp:4  | HP: 8/170 [shambling mangrove (13)]
 49064 | Swamp:4  | Noticed an Executioner
 49070 | Swamp:4  | HP: 8/170 [poisoned by a swamp dragon (blast of poison)]
 49565 | Swamp:4  | Got a decaying rune of Zot
 50151 | Snake:1  | Entered Level 1 of the Snake Pit
 50990 | Snake:1  | Found Qizxupn's Jewellery Emporium.
 51438 | Snake:2  | Noticed Nikola
 51450 | Snake:1  | Killed Nikola
 51487 | Snake:1  | Reached skill level 5 in Dodging
 51619 | Snake:2  | Reached skill level 16 in Fighting
 52602 | Snake:2  | Noticed Aizul
 52614 | Snake:2  | Killed Aizul
 53263 | Snake:3  | Reached XP level 19. HP: 133/177 MP: 29/29
 54752 | Snake:4  | Entered Level 4 of the Snake Pit
 55160 | Snake:4  | Corrupted Snake:4
 55162 | Snake:4  | Noticed a bone dragon
 55384 | Snake:4  | Found Sanuwok's Magic Scroll Shop.
 55630 | Snake:4  | Bought a scroll of identify for 42 gold pieces
 55630 | Snake:4  | Bought a scroll of silence for 157 gold pieces
 55630 | Snake:4  | Bought a scroll of identify for 42 gold pieces
 55630 | Snake:4  | Bought a scroll of identify for 42 gold pieces
 55630 | Snake:4  | Bought a scroll of enchant weapon for 157 gold pieces
 55630 | Snake:4  | Bought a scroll of fear for 73 gold pieces
 57433 | Snake:4  | Reached XP level 20. HP: 133/188 MP: 21/30
 57435 | Snake:4  | Reached skill level 17 in Fighting
 57625 | Snake:4  | Got a serpentine rune of Zot
 58096 | Elf:1    | Entered Level 1 of the Elven Halls
 58159 | Elf:1    | Reached skill level 15 in Armour
 58237 | Elf:1    | Found Xoqoim's Armour Emporium.
 58258 | Elf:1    | Found a magical portal.
 58267 | WizLab   | Entered The Chambers of the Cloud Mage
 59612 | WizLab   | Reached skill level 1 in Throwing
 59882 | WizLab   | Noticed Niosch
 59901 | WizLab   | Killed Niosch the Cloud Mage
 59997 | WizLab   | Identified the +6 chain mail of the Gate {rElec rN+ Dex-5
                  | Slay+2} (You found it in a wizard's laboratory)
 60020 | WizLab   | Identified the Incunabulum of Air
 61354 | Elf:2    | Noticed Jorgrun
 61362 | Elf:2    | Killed Jorgrun
 62233 | Elf:2    | Found a runed translucent gate.
 62233 | Elf:2    | Found a runed translucent gate.
 62233 | Elf:2    | Found a runed translucent gate.
 62740 | Elf:2    | Found Cigav's Jewellery Boutique.
 62742 | Elf:2    | Found Hoetoum's Jewellery Boutique.
 62745 | Elf:2    | Found Uweolaubi's Gadget Emporium.
 62754 | Elf:2    | Bought a wand of acid (9) for 390 gold pieces
 62900 | Elf:2    | Reached XP level 21. HP: 191/198 MP: 31/31
 62902 | Elf:2    | Noticed Agnes
 62909 | Elf:2    | Killed Agnes
 63549 | Elf:2    | Noticed Asterion
 63564 | Elf:2    | Killed Asterion
 63564 | Elf:2    | Reached skill level 5 in Throwing
 63904 | Elf:3    | Entered Level 3 of the Elven Halls
 63914 | Elf:3    | Found a flickering gateway to a bazaar.
 63925 | Bazaar   | Entered a bazaar
 63925 | Bazaar   | Found Utaogg's Jewellery Shoppe.
 63925 | Bazaar   | Found Papee's Weapon Emporium.
 63949 | Bazaar   | Found Wyihaist's Antique Armour Shoppe.
 63963 | Bazaar   | Found Haiss's Food Emporium.
 63982 | Bazaar   | Bought 4 silver javelins for 86 gold pieces
 64218 | Elf:3    | Corrupted Elf:3
 64582 | Elf:3    | Identified the +6 rapier of the Middle {speed, rF- Int+6}
 64596 | Elf:3    | Noticed a Tzitzimitl
 64596 | Elf:3    | Identified the +7 great sword "mortelune's Death" {pain,
                  | Stlth+}
 65016 | Elf:3    | Identified the amulet of the Thirteen Lies {Inacc rElec
                  | Str+7} (You found it on level 3 of the Elven Halls)
 65098 | Elf:3    | Reached skill level 18 in Fighting
 65860 | Vaults:1 | Entered Level 1 of the Vaults
 66123 | Vaults:1 | Found a roughly hewn altar of Beogh.
 66953 | Vaults:1 | Found Idisyhi's General Store.
 66961 | Vaults:1 | Bought a scroll of fear for 66 gold pieces
 66961 | Vaults:1 | Bought a scroll of fog for 38 gold pieces
 66971 | Vaults:1 | Reached skill level 15 in Shields
 67295 | Vaults:1 | Identified the +2 scale mail of the Amoeba {*Drain rElec
                  | rPois MR++} (You found it on level 1 of the Vaults)
 68066 | Vaults:2 | Reached XP level 22. HP: 209/209 MP: 32/32
 70602 | Vaults:3 | Reached XP level 23. HP: 216/216 MP: 33/33
 71032 | Vaults:3 | Found a staircase to the Crypt.
 71283 | Vaults:3 | Reached skill level 19 in Fighting
 72080 | Vaults:3 | Reached XP level 24. HP: 185/227 MP: 33/33
 72619 | Vaults:4 | Reached skill level 10 in Throwing
 72629 | Vaults:3 | Mangled by a purple very ugly thing

Illustrated notes

Levels and vault maps discovered:
D:1:      dpeg_arrival_boxes_within_box, layout_loops_ring
D:2:      layout_rooms, serial_forest, infiniplex_forest_straight_4,
          infiniplex_forest_side_room, infiniplex_forest_fountain,
          infiniplex_forest_corner_1, infiniplex_forest_clump_large,
          infiniplex_forest_pool, uniq_sigmund, uniq_terence
D:3:      cheibrodos_pilgrimage, layout_basic, minmay_pentangle
D:4:      layout_basic, nicolae_ossuary_entry_catacombs, serial_shops, shop,
          minmay_misc_feat_roman, uniq_natasha
D:5:      layout_rooms, first_ration, kennysheep_cluttered_room
D:6:      layout_cave_pods, serial_column_ruins, column_ruins_grid_1,
          column_ruins_corridor_T, column_ruins_open_small, column_ruins_grid_1,
          column_ruins_grid_1, uniq_eustachio
D:7:      layout_cave_pools, minmay_temple_entry_mist
D:8:      layout_loops_ring
D:9:      layout_rooms, nicolae_overflow_crystal_walls, erik_lair_island,
          serial_shops, shop, hangedman_pestilent_swarm,
          minmay_guarded_unrand_finisher
D:10:     layout_basic, david_orc_4, nemelex_xobeh_ov_fountains_minmay,
          uniq_harold, uniq_fannar
D:11:     layout_loops_ring, serial_shops, nicolae_shop_crystal, st_stairs_12,
          kennysheep_generic_room_10, uniq_erolcha
D:12:     layout_long_grid
D:13:     layout_gridville, nrook_mini_backslash
D:14:     layout_rooms, erik_vaults_1, kennysheep_boxes, serial_shops, shop
D:15:     grunt_enter_depths_snipers, layout_grid_maze,
          portal_ice_cave_demonic_guard, ebering_ghost_reflecting_pool,
          minmay_guarded_unrand_skullcrusher
Lair:1:   layout_cave_shapes, nicolae_quartered_pool_medium
Lair:2:   layout_misc_corridors, swamp_mist_pool, minmay_hedge_maze,
          chequers_serial_rivers_marsh, minmay_lair_oklob_chamber
Lair:3:   layout_cave_pods, gammafunk_ghost_wrathful_warriors, special_room
          [special_room_bee], gauntlet_entry_generic,
          chequers_serial_rivers_micro_e, minmay_shattered_shrine
Lair:4:   cheibrodos_lair_river_kwai, layout_long_grid,
          minmay_snake_entry_guardpost_large, hellmonk_ghost_happy_afterlife
Lair:5:   layout_small_grid, slime_altar_1, basic_altar
Lair:6:   hangedman_lair_tendril_chambers, layout_regular_city,
          grunt_forest_large_clearing_hut
Swamp:1:  gammafunk_the_bubble [the_bubble_gammafunk_crates],
          layout_basic_swamp, evilmike_swamp_ruin_house_6
Swamp:2:  layout_basic_swamp, nicolae_swamp_very_dense_foliage, swamp_pool1,
          roderic_carrion_pond
Swamp:3:  layout_basic_swamp, evilmike_swamp_ruin_wall
Swamp:4:  swamp, layout_basic_swamp
Snake:1:  layout_honeycomb, serial_shops, shop, drop_trap, st_stairs_14,
          grunt_ministairs_1
Snake:2:  layout_onion, uniq_aizul, uniq_nikola
Snake:3:  layout_layer_cave, drop_trap, grunt_ministairs_9
Snake:4:  snake_pit_salamanders_mu, layout_basic, serial_shops, shop
Orc:1:    layout_caves, serial_shops, shop, basic_altar
Orc:2:    grunt_orc_cross, layout_diamond_mine
Elf:1:    layout_onion_city, serial_shops, nicolae_shop_behind_doors,
          mu_enter_wizlab_5, hangedman_elf_disciples
Elf:2:    layout_loops_cross, serial_sigils_hangedman_stare, minmay_shop_grove,
          uniq_agnes, uniq_asterion, uniq_jorgrun
Elf:3:    grunt_elf_hall_branching, layout_geoelf_octagon, serial_shops,
          bzr_in_the_mist
Vaults:1: vaults_mumra_chevron, nicolae_vaults_rhombus_5,
          vaults_room_large_hall, vaults_mumra_hex, grunt_vaults_focal,
          v_misc_19, nicolae_vaults_little_squares_2,
          nicolae_vaults_shelves_hall, nicolae_vaults_alarming,
          ontoclasm_vaults_twist, nicolae_vaults_puzzle_piece,
          nicolae_vaults_network_s, special_room_vaults [special_room_orc],
          v_misc_27, layout_vaults_omnibox, serial_shops, shop
Vaults:2: hangedman_vaults_stitches, v_alt_pattern_4, hangedman_vaults_slice,
          ontoclasm_vaults_fault, nicolae_vaults_quartermaster,
          vaults_standard_mumra_enter_the_diamond, v_misc_24,
          ontoclasm_vaults_shuriken, nicolae_vaults_rhombus_6,
          nicolae_vaults_windows_and_doors_thing, layout_vaults_omnicross
Vaults:3: ontoclasm_vaults_tryst, hangedman_vaults_nails, v_alt_pattern_6,
          nicolae_vaults_little_squares_1, grunt_vaults_twisty,
          nicolae_vaults_an_arrangement, minmay_crypt_entry_simple_walls,
          v_misc_26, nicolae_vaults_little_squares_3, hangedman_vaults_nails,
          layout_vaults_ring
Vaults:4: hangedman_vaults_impose, vaults_dpeg_ring, vaults_room_boxed,
          grunt_vaults_trifunnel, v_misc_23, ontoclasm_vaults_misaligned,
          vaults_room_hallway, st_smaller_cells, dpeg_vaults_monster_box,
          nicolae_vaults_gold_heap, vaults_dpeg_spiral,
          ontoclasm_vaults_gateway, layout_vaults_big_room

Skill      XL: |  1  2  3  4  5  6  7  8  9 10 11 12 13 14 15 16 17 18 19 20 21 22 23 24 |
---------------+-------------------------------------------------------------------------+-----
Long Blades    | 3 4 5 6 7 8 9 |  9.2
Fighting       | 4 5 6 7 8 9 10 11 12 13 14 15 16 17 18 19 | 19.2
Armour         | 3 4 6 7 8 10 11 12 13 14 15 16 17 | 17.5
Invocations    | 3 4 6 8 9 10 11 12 13 14 | 14.4
Summonings     | 1 4 |  4.2
Polearms       | 2 6 9 11 12 14 15 16 17 18 | 18.8
Shields        | 2 9 12 13 14 15 | 15.0
Dodging        | 1 6 9 |  9.8
Throwing       | 4 6 9 10 | 10.0

Action                   |  1- 3 |  4- 6 |  7- 9 | 10-12 | 13-15 | 16-18 | 19-21 | 22-24 || total
-------------------------+-------+-------+-------+-------+-------+-------+-------+-------++-------
Melee: Falchion          |    76 |   342 |   702 |   200 |       |       |       |       ||  1320
       Scythe            |       |       |       |   364 |  1076 |   937 |  1373 |   596 ||  4346
       Glaive            |       |       |       |       |    58 |   230 |       |       ||   288
Throw: Dart              |       |    10 |    13 |       |       |       |       |       ||    23
       Javelin           |       |       |       |       |       |       |    10 |       ||    10
Invok: Depart the Abyss  |     1 |       |       |       |       |       |       |       ||     1
       Banish            |       |       |     1 |     9 |     6 |    18 |     8 |       ||    42
       Corrupt           |       |       |       |     2 |     1 |     2 |     2 |       ||     7
       Bend Space        |       |       |       |       |       |     1 |     1 |       ||     2
 Abil: Dig               |     1 |       |     4 |     8 |    11 |     3 |     8 |       ||    35
       Shaft Self        |       |       |     1 |       |       |       |       |       ||     1
       Evoke Flight      |       |       |       |       |     1 |       |       |       ||     1
  Use: Scroll            |     1 |     7 |     9 |     7 |    10 |     8 |    12 |     2 ||    56
       Potion            |       |     5 |     4 |     5 |    10 |     4 |     2 |     1 ||    31
 Stab: Distracted        |       |       |       |       |     1 |       |     1 |       ||     2
  Eat: Ration            |     2 |     3 |     6 |     9 |    15 |    12 |    12 |     4 ||    63
Armor: Leather armour    |    16 |    57 |   142 |       |       |       |       |       ||   215
       Chain mail        |       |    82 |    41 |   149 |   621 |       |       |       ||   893
       Plate armour      |       |       |   238 |   287 |    21 |   700 |   422 |   173 ||  1841
       Skin              |       |       |       |       |    22 |       |       |       ||    22
Dodge: Dodged            |    55 |   172 |   286 |   210 |   510 |   309 |   380 |   202 ||  2124
Block: Kite shield       |       |       |       |       |    21 |   784 |   234 |       ||  1039
       Tower shield      |       |       |       |       |       |       |   897 |   612 ||  1509
       Rpst.: Falchion   |    21 |    47 |    82 |    15 |       |       |       |       ||   165

Table legend:
 A = Non-vault XP
 B = Vault XP
 C = Vault XP percentage of total XP
 D = Non-vault monster count
 E = Vault monster count
 F = Vault count percentage of total count
                 A         B        C        D         E       F
            +---------+---------+-------+---------+---------+-------
      Total |  359796 |  251229 |  41.1 |    1111 |     577 |  34.2
            +---------+---------+-------+---------+---------+-------
        D:1 |      26 |      36 |  58.1 |      16 |       1 |   5.9
        D:2 |      64 |       0 |   0.0 |      17 |       0 |   0.0
        D:3 |     192 |      76 |  28.4 |      27 |      16 |  37.2
        D:4 |     296 |     294 |  49.8 |      16 |       7 |  30.4
        D:5 |     596 |       0 |   0.0 |      18 |       0 |   0.0
        D:6 |     660 |     208 |  24.0 |      18 |       1 |   5.3
        D:7 |     654 |       0 |   0.0 |      19 |       0 |   0.0
        D:8 |     321 |       0 |   0.0 |      10 |       0 |   0.0
        D:9 |    1034 |    2295 |  68.9 |       8 |      12 |  60.0
       D:10 |    3413 |    2809 |  45.1 |      36 |      17 |  32.1
       D:11 |    1826 |    1506 |  45.2 |      32 |       3 |   8.6
       D:12 |    5629 |       0 |   0.0 |      36 |       0 |   0.0
       D:13 |    4937 |       0 |   0.0 |      22 |       0 |   0.0
       D:14 |    8347 |    1808 |  17.8 |      28 |       2 |   6.7
       D:15 |   11574 |   11992 |  50.9 |      39 |      31 |  44.3
     Lair:1 |    5318 |       0 |   0.0 |      18 |       0 |   0.0
     Lair:2 |    4864 |     550 |  10.2 |      25 |       3 |  10.7
     Lair:3 |    4980 |    6862 |  57.9 |      19 |      32 |  62.7
     Lair:4 |    4675 |    3789 |  44.8 |      15 |      13 |  46.4
     Lair:5 |    7380 |       0 |   0.0 |      24 |       0 |   0.0
     Lair:6 |    8591 |   10261 |  54.4 |      34 |      32 |  48.5
    Swamp:1 |   11058 |       0 |   0.0 |      25 |       0 |   0.0
    Swamp:2 |   16641 |     745 |   4.3 |      48 |       6 |  11.1
    Swamp:3 |   17257 |       0 |   0.0 |      45 |       0 |   0.0
    Swamp:4 |    8589 |   13782 |  61.6 |      24 |      20 |  45.5
    Snake:1 |   15693 |    5075 |  24.4 |      29 |       4 |  12.1
    Snake:2 |   19372 |    1764 |   8.3 |      39 |       1 |   2.5
    Snake:3 |   21692 |    2148 |   9.0 |      47 |       3 |   6.0
    Snake:4 |   29833 |   28058 |  48.5 |      49 |      38 |  43.7
      Orc:1 |    2846 |       0 |   0.0 |      39 |       0 |   0.0
      Orc:2 |    2588 |   11124 |  81.1 |      37 |      36 |  49.3
      Elf:1 |   16770 |    5027 |  23.1 |      26 |       8 |  23.5
      Elf:2 |   25399 |   30317 |  54.4 |      49 |      30 |  38.0
      Elf:3 |   11843 |    9075 |  43.4 |      22 |       7 |  24.1
   Vaults:1 |   10881 |   18158 |  62.5 |      34 |      58 |  63.0
   Vaults:2 |   36285 |   19441 |  34.9 |      54 |      34 |  38.6
   Vaults:3 |   32989 |   18695 |  36.2 |      56 |      41 |  42.3
   Vaults:4 |    4683 |   12678 |  73.0 |      11 |      10 |  47.6
    Ossuary |       0 |     249 | 100.0 |       0 |      39 | 100.0
      IceCv |       0 |   11522 | 100.0 |       0 |      45 | 100.0
     WizLab |       0 |   17745 | 100.0 |       0 |      22 | 100.0
   Gauntlet |       0 |    3140 | 100.0 |       0 |       5 | 100.0
            +---------+---------+-------+---------+---------+-------
